 Dungeon Crawl Stone Soup version 0.19-a0-1532-g228a5d9 (webtiles) character file.

17822 shnurlf the Carver (level 12, -7/100 HPs)
             Began as a Formicid Fighter on Sept 13, 2016.
             Was an Elder of Cheibriados.
             Killed from afar by a frost giant (15 damage)
             ... with a bolt of cold
             ... on level 12 of the Dungeon.
             The game lasted 00:58:32 (17297 turns).

shnurlf the Carver (Formicid Fighter)              Turns: 17297, Time: 00:58:33

Health: -7/100     AC: 15    Str: 35    XL:     12   Next: 87%
Magic:  19/29      EV:  8    Int: 21    God:    Cheibriados [****..]
Gold:   525        SH:  6    Dex: 22    Spells: 1 memorised, 10 levels left

rFire  . . .     SeeInvis +     F - +0 great sword
rCold  + . .     Gourm    .     H - +0 plate armour
rNeg   . . .     Faith    .     G - +0 buckler {reflect}
rPois  .         Spirit   .     (helmet unavailable)
rElec  .         Dismiss  .     (no cloak)
rCorr  .         Reflect  +     r - +0 pair of gloves
MR     +....     Harm     .     A - +0 pair of boots
Stlth  ..........               (no amulet)
                                w - ring of magical power
                                n - ring of protection from cold

@: mighty, very slow
A: permanent stasis, dig shafts and tunnels, four strong arms, antennae 3,
molten scales 1, agile 1
a: Dig, Shaft Self, Bend Time, Temporal Distortion, Slouch, Renounce Religion


You were on level 12 of the Dungeon.
You worshipped Cheibriados.
Cheibriados was greatly pleased with you.
You were not hungry.

You visited 1 branch of the dungeon, and saw 12 of its levels.

You collected 525 gold pieces.

Inventory:

Hand Weapons
 p - a +1 long sword of holy wrath
 F - a +0 great sword (weapon)
Missiles
 g - 6 javelins (quivered)
 l - 6 tomahawks of returning
Armour
 c - a +0 shield
 r - a +0 pair of gloves (worn)
 A - a +0 pair of boots (worn)
 G - a +0 buckler of reflection (worn)
 H - a +0 plate armour (worn)
Jewellery
 n - a ring of protection from cold (left hand)
 w - a ring of magical power (right hand)
Wands
 a - a wand of lightning (2/15)
 k - a wand of iceblast (4/15)
 m - a wand of enslavement (17/24)
 q - a wand of confusion (13/48)
 L - a wand of acid (5/15)
 M - a wand of lightning (10/15)
Scrolls
 e - 2 scrolls of enchant armour
 i - 4 scrolls of remove curse
 t - 4 scrolls of recharging
 v - a scroll of immolation
 E - 2 scrolls of identify
 N - a scroll of amnesia
 O - a scroll of enchant weapon
Potions
 o - a potion of invisibility {unknown}
 s - a potion of mutation {unknown}
 u - a potion of experience {unknown}
 z - 2 potions of curing
 C - a potion of might
 D - a potion of ambrosia {unknown}
 K - 2 potions of brilliance
Books
 b - a book of the Dragon

   Spells                             Type                      Level
   a - Flame Tongue                   Conjuration/Fire             1
   b - Cause Fear                     Hexes                        4
   c - Bolt of Fire                   Conjuration/Fire             6
   d - Dragon Form                    Transmutation                7
   e - Dragon's Call                  Summoning                    9
 h - a book of the Sky

   Spells                             Type                      Level
   a - Summon Lightning Spire         Summoning/Air                4
   b - Airstrike                      Air                          4
   c - Silence                        Hexes/Air                    5
   d - Deflect Missiles               Charms/Air                   6
   e - Conjure Ball Lightning         Conjuration/Air              6
   f - Tornado                        Air                          9
 y - a book of Burglary

   Spells                             Type                      Level
   a - Swiftness                      Charms/Air                   2
   b - Passwall                       Transmutation/Earth          2
   c - Passage of Golubria            Translocation                4
   d - Lee's Rapid Deconstruction     Earth                        5
   e - Darkness                       Hexes                        6
   f - Invisibility                   Hexes                        6
 I - a book of Maledictions

   Spells                             Type                      Level
   a - Corona                         Hexes                        1
   b - Ensorcelled Hibernation        Hexes/Ice                    2
   c - Confuse                        Hexes                        3
   d - Tukima's Dance                 Hexes                        3
   e - Dazzling Spray                 Conjuration/Hexes            3
 J - a book of Party Tricks

   Spells                             Type                      Level
   a - Summon Butterflies             Summoning                    1
   b - Apportation                    Translocation                1
   c - Tukima's Dance                 Hexes                        3
   d - Alistair's Intoxication        Transmutation/Poison         5
   e - Invisibility                   Hexes                        6
Miscellaneous
 d - a phantom mirror
Comestibles
 f - 3 bread rations
 j - 10 fruits
 x - 4 meat rations
 B - 7 royal jellies


   Skills:
 + Level 11.5 Fighting
 * Level 14.1 Long Blades
 - Level 3.2 Armour
 - Level 3.6 Shields
 + Level 11.4 Invocations


You had 10 spell levels left.
You knew the following spells:

 Your Spells              Type           Power        Failure   Level  Hunger
a - Apportation           Tloc           #.........   96%         1    ##.....


Dungeon Overview and Level Annotations

Branches:
Dungeon (12/15)            Temple (0/1) D:6            Lair (0/6) D:11
    Orc (0/2) D:10

Altars:
Ashenzari
Cheibriados
Dithmenos
Fedhas
Hepliaklqana
Kikubaaqudgha
Nemelex Xobeh
Qazlal
Sif Muna
Vehumet
Xom
Yredelemnul
Zin
The Shining One

Annotations:
D:9 exclusions: electric eel and 1 more exclusion
D:11 exclusion: 2 downstairs


Innate Abilities, Weirdness & Mutations

You are under a permanent stasis effect.
You can dig through walls and to a lower floor.
Your four strong arms can wield two-handed weapons with a shield.
You have a pair of large antennae on your head. (SInv)
You are partially covered in molten scales. (AC +2)
You are agile. (Dex +2)


Message History

You kill the centaur warrior!
Cheibriados thoroughly appreciates the change of pace.
You feel somewhat more hungry.
You can no longer step out of the time flow.
Cheibriados lowers the support of your attributes as your movement quickens.
The frost giant hits you with a battleaxe of freezing.
* * * LOW HITPOINT WARNING * * *
Okay, then.
Unknown command.
You can feel time thicken for a moment.
You feel somewhat more hungry.
Cheibriados lowers the support of your attributes as your movement quickens.
The frost giant casts a spell at you. The bolt of cold misses you.
Unknown command.
You feel very mighty all of a sudden.
The sphinx hits you but does no damage. x2; The sphinx hits you.
* * * LOW HITPOINT WARNING * * *
The frost giant points at you and mumbles some strange words.
The bolt of cold hits you! You resist.
You die...

#####.#...# #.# ..
.........# #.# .#
####.##..#######.# ..
#..<..........## .
####..#######.$## ##..#
##...####.##
###...######...:.......
#........))#H)o########
#.#....###<@CH#..#
#.###..# ####.#..{.H #
#..# #.##'#### #..# #.#
C# ...# #.# .# ###..
#.# # ### #.# { #.#


You could see a frost giant, 2 sphinxes and an orc warrior.

Vanquished Creatures
  Josephine (D:10)
  A catoblepas (D:12)
  A centaur warrior (D:12)
  A skeletal warrior (D:12)
  4 hill giants
  An unseen horror (D:11)
  The ghost of Bronet the Quickloader, a novice KoAM of Yredelemnul (D:7)
  An ugly thing (D:11)
  A cyclops (D:11)
  2 gargoyles (D:11)
  A kobold demonologist (D:11)
  A two-headed ogre (D:10)
  2 trolls (D:11)
  Grinder (D:4)
  5 wraiths (D:10)
  14 yaks
  A human (D:10)
  A hungry ghost (D:7)
  4 hippogriffs
  2 wargs (D:11)
  A water moccasin (D:9)
  A sky beast (D:8)
  2 phantoms
  4 orc warriors
  A black bear (D:7)
  A wasp (D:11)
  10 ogres
  8 centaurs
  2 big kobolds
  A crocodile (D:11)
  9 giant frogs
  A wyvern zombie (D:8)
  A water moccasin zombie (D:7)
  3 scorpions
  4 wights (D:8)
  4 killer bees (D:9)
  7 howler monkeys
  2 electric eels (D:9)
  2 crimson imps
  2 giant frog zombies
  2 centaur zombies
  5 jellies
  6 orc wizards
  4 hounds
  4 centaur skeletons
  An orc priest (D:9)
  4 giant frog skeletons
  3 iguanas
  8 worker ants
  A hound zombie (D:6)
  3 hound skeletons
  A worker ant zombie (D:5)
  7 gnolls
  7 adders
  3 shadow imps
  6 oozes
  An adder zombie (D:9)
  2 adder skeletons
  3 worms
  2 dart slugs
  12 giant geckos
  22 orcs
  4 ball pythons
  9 bats
  4 giant cockroaches
  6 goblins
  6 hobgoblins
  5 jackals
  16 kobolds
  5 quokkas
  A giant gecko skeleton (D:4)
  13 giant newts
  A jackal skeleton (D:10)
  A jackal zombie (D:8)
  A kobold zombie (D:10)
  A quokka skeleton (D:4)
  4 rats
296 creatures vanquished.

Vanquished Creatures (others)
  A jelly (D:9)
  2 kobolds (D:9)
  57 plants (D:9)
60 creatures vanquished.

Grand Total: 356 creatures vanquished

Notes
Turn   | Place    | Note
-------+----------+-------------------------------------------
     0 | D:1      | shnurlf the Formicid Fighter began the quest for the Orb.
     0 | D:1      | Reached XP level 1. HP: 18/18 MP: 1/1
    67 | D:2      | Found a glowing golden altar of the Shining One.
    67 | D:2      | Found a hazy altar of Hepliaklqana.
    67 | D:2      | Found a radiant altar of Vehumet.
    67 | D:2      | Found an ancient bone altar of Kikubaaqudgha.
    78 | D:2      | Found a glowing silver altar of Zin.
    78 | D:2      | Found a sparkling altar of Nemelex Xobeh.
   136 | D:1      | Reached XP level 2. HP: 22/24 MP: 2/2
   386 | D:1      | Reached XP level 3. HP: 26/29 MP: 3/3
   389 | D:1      | Reached skill level 3 in Long Blades
  1016 | D:2      | Reached XP level 4. HP: 37/37 MP: 4/4
  1711 | D:3      | Reached skill level 4 in Long Blades
  1711 | D:3      | Reached XP level 5. HP: 32/43 MP: 5/5
  1801 | D:3      | Found a blossoming altar of Fedhas.
  1911 | D:2      | Found a snail-covered altar of Cheibriados.
  1924 | D:2      | Became a worshipper of Cheibriados the Contemplative
  2679 | D:3      | Reached * piety under Cheibriados
  3180 | D:5      | Entered Level 5 of the Dungeon
  3232 | D:4      | Reached skill level 1 in Invocations
  3232 | D:4      | Reached XP level 6. HP: 49/49 MP: 6/6
  3330 | D:4      | Noticed a phantom
  3342 | D:4      | Killed a phantom
  3342 | D:4      | Reached skill level 5 in Fighting
  3342 | D:4      | Reached skill level 5 in Long Blades
  3385 | D:5      | Noticed an ogre
  3476 | D:4      | Noticed Grinder
  3503 | D:4      | Killed Grinder
  3503 | D:4      | Reached XP level 7. HP: 6/56 MP: 7/9
  4244 | D:4      | Reached skill level 6 in Long Blades
  4611 | D:6      | Reached XP level 8. HP: 56/64 MP: 10/10
  4720 | D:5      | Found a shimmering altar of Xom.
  4865 | D:5      | Reached skill level 7 in Long Blades
  5012 | D:5      | Found a shadowy altar of Dithmenos.
  5728 | D:6      | Reached ** piety under Cheibriados
  6124 | D:6      | Reached skill level 5 in Invocations
  6124 | D:6      | Reached XP level 9. HP: 19/71 MP: 12/12
  6160 | D:6      | Reached skill level 8 in Long Blades
  6492 | D:6      | Found a staircase to the Ecumenical Temple.
  6549 | D:6      | Found a shattered altar of Ashenzari.
  7739 | D:7      | Reached skill level 9 in Long Blades
  7818 | D:7      | Noticed Bronet's ghost (novice KoAM)
  7830 | D:7      | Killed Bronet's ghost
  8557 | D:8      | Reached *** piety under Cheibriados
  8564 | D:8      | Reached XP level 10. HP: 80/80 MP: 15/15
  8781 | D:9      | Reached skill level 10 in Long Blades
 10362 | D:9      | Found a stormy altar of Qazlal.
 10362 | D:9      | Found a deep blue altar of Sif Muna.
 10423 | D:9      | Reached skill level 11 in Long Blades
 10681 | D:9      | Reached **** piety under Cheibriados
 10908 | D:9      | Noticed a hill giant
 10917 | D:9      | Killed a hill giant
 11273 | D:9      | Reached XP level 11. HP: 74/89 MP: 17/17
 11681 | D:9      | Noticed a hill giant
 11690 | D:9      | Killed a hill giant
 12199 | D:10     | Entered Level 10 of the Dungeon
 12344 | D:9      | Reached skill level 12 in Long Blades
 12361 | D:9      | Reached ***** piety under Cheibriados
 12905 | D:10     | Reached skill level 10 in Fighting
 13097 | D:10     | Found a staircase to the Orcish Mines.
 13261 | D:10     | Found a runed door.
 13267 | D:10     | Found a basalt altar of Yredelemnul.
 13444 | D:10     | Noticed Josephine
 13459 | D:10     | Killed Josephine
 13459 | D:10     | Reached skill level 10 in Invocations
 13821 | D:10     | Noticed a hill giant
 13824 | D:10     | Killed a hill giant
 13971 | D:10     | Found a blossoming altar of Fedhas.
 14253 | D:11     | Noticed a purple ugly thing
 14267 | D:11     | Killed a purple ugly thing
 14267 | D:11     | Reached XP level 12. HP: 66/98 MP: 19/19
 14393 | D:11     | Learned a level 1 spell: Apportation
 14590 | D:12     | Noticed a skeletal warrior
 14864 | D:11     | Reached skill level 13 in Long Blades
 14881 | D:11     | Gained mutation: You are partially covered in molten scales. (AC +2) [potion of beneficial mutation]
 14882 | D:11     | Gained mutation: You are agile. (Dex +2) [potion of beneficial mutation]
 14988 | D:11     | Found a staircase to the Lair.
 16235 | D:12     | Noticed a catoblepas
 16671 | D:11     | Noticed an unseen horror
 16678 | D:11     | Killed an unseen horror
 16825 | D:12     | Killed a catoblepas
 16841 | D:12     | Reached skill level 14 in Long Blades
 16957 | D:12     | Noticed a skeletal warrior
 16965 | D:12     | Noticed a skeletal warrior
 16974 | D:12     | Killed a skeletal warrior
 17285 | D:12     | Noticed a centaur warrior
 17285 | D:12     | Noticed a sphinx
 17285 | D:12     | Noticed a sphinx
 17286 | D:12     | Noticed a frost giant
 17295 | D:12     | Killed a centaur warrior
 17297 | D:12     | Killed from afar by a frost giant

Vault maps used:
D:1:      elethiomel_arrival_shortcut
D:2:      cheibriados_altar_1, minmay_overflow_temple_hex, minmay_lizard_king
D:3:      fedhas_altar_fruit_tree
D:4:      st_stairs_12, wad_floor_pattern_2, uniq_grinder
D:5:      old_standard_altar, lemuel_round_altar, first_bread, moated_statue
D:6:      cheibrodos_ashenzari_chains
D:9:      minitemple, serial_bayou, serial_bayou_crossing,
          serial_bayou_lagoon_b, serial_bayou_lagoon_a, serial_bayou_pond_b,
          serial_bayou_pond_d, serial_bayou_lake_a,
          hangedman_little_slice_of_home
D:10:     orc_0_dummy, basic_altar, dk_yredelemnul_ordeal, uniq_josephine
D:11:     erik_lair_orcish_takeover
D:12:     hex_large, minivault_13

Skill      XL: |  1  2  3  4  5  6  7  8  9 10 11 12 |
---------------+-------------------------------------+-----
Long Blades    | 3 4 5 6 7 9 11 12 14 | 14.1
Fighting       | 4 5 6 8 9 10 11 | 11.5
Invocations    | 1 2 3 5 6 8 10 11 | 11.4
Armour         | |  3.2
Shields        | |  3.6

Action                   |  1- 3 |  4- 6 |  7- 9 | 10-12 || total
-------------------------+-------+-------+-------+-------++-------
Melee: Long sword        |   106 |   195 |   280 |   115 ||   696
       Great sword       |       |       |       |   540 ||   540
Throw: Javelin           |       |       |     3 |     4 ||     7
Invok: Bend Time         |       |       |     1 |       ||     1
       Temporal Distorti |       |       |       |     1 ||     1
       Step From Time    |       |       |       |     2 ||     2
       Slouch            |       |       |       |     3 ||     3
 Abil: Dig               |       |       |       |     4 ||     4
Evoke: Wand              |       |       |       |     3 ||     3
  Use: Potion            |       |     5 |       |     9 ||    14
       Scroll            |       |       |    14 |     2 ||    16
 Stab: Distracted        |       |       |       |     1 ||     1
  Eat: Chunk             |       |     8 |     6 |     6 ||    20
       Fruit             |       |       |     1 |     1 ||     2
       Beef jerky        |       |       |     1 |     1 ||     2
       Royal jelly       |       |       |       |     4 ||     4
Armor: Scale mail        |    44 |    58 |    75 |       ||   177
       Skin              |       |     4 |       |     6 ||    10
       Plate armour      |       |       |    16 |   258 ||   274
Dodge: Dodged            |    28 |    40 |    76 |   141 ||   285
Block: Shield            |    42 |    86 |   101 |       ||   229
       Buckler           |       |       |     8 |   146 ||   154
       Reflection        |       |       |       |     3 ||     3
